 Dungeon Crawl Stone Soup version 0.30-a0-137-gd8773701ce (webtiles) character file.

Game seed: 6372212039835757686

174 juncz the Magician (level 5, 0/40 HPs)
             Began as a Djinni Conjurer on Sept 23, 2022.
             Killed from afar by Natasha (8 damage)
             ... with a magic dart
             ... on level 3 of the Dungeon.
             The game lasted 00:05:28 (2820 turns).

juncz the Magician (Djinni Conjurer)                Turns: 2820, Time: 00:05:29

Health: 0/40       AC:  3    Str:  6    XL:     5   Next: 84%
Gold:   67         EV: 12    Int: 22    God:
                   SH:  0    Dex: 11

rFire   + + .      SeeInvis .    (no weapon)
rCold   x . .      Faith    .    i - orb {light}
rNeg    . . .      Spirit   .    a - +0 robe
rPois   ∞          Reflect  .    (no helmet)
rElec   .          Harm     .    e - +0 cloak
rCorr   .          Rampage  .    (no gloves)
Will    .....                    (boots unavailable)
Stlth   +.........               (no amulet)
HPRegen 0.13/turn                (no ring)
MPRegen 0.00/turn                (no ring)

@: flying, glowing
A: sickness immunity, fire resistance 2, cold vulnerability 1, float, innate
caster, HP casting, extra vitality 1
a: no special abilities


You were on level 3 of the Dungeon.
You visited 1 branch of the dungeon, and saw 3 of its levels.

You collected 107 gold pieces.
You spent 40 gold pieces at shops.

Inventory:

Armour
 a - a +0 robe (worn)
 e - a +0 cloak (worn)
 i - an orb of light (worn)
Scrolls
 c - a scroll of fear
 d - 3 scrolls of teleportation
 g - 2 scrolls of enchant weapon
Potions
 b - 4 potions of curing {unknown}
 f - 2 potions of flight {unknown}
 h - a potion of degeneration {unknown}
 j - a potion of lignification {unknown}


   Skills:
 + Level 3.4 Fighting
 - Level 2.1 Dodging
 - Level 1.5 Stealth
 + Level 4.3 Spellcasting


You couldn't memorise any spells.
You knew the following spells:

 Your Spells              Type           Power      Damage    Failure   Level
a - Magic Dart            Conj           92%        1d7       1%          1
b - Searing Ray           Conj           46%        2d6       2%          2
c - Dazzling Flash        Conj/Hex       46%        N/A       5%          3
d - Fulminant Prism       Conj/Hex       11%        3d9       19%         4
e - Iskenderun's Mystic   Conj/Tloc      23%        2d6       19%         4
f - Freeze                Ice            92%        1d10      1%          1
g - Scorch                Fire           46%        2d7       2%          2
Your spell library was empty.

Dungeon Overview and Level Annotations

Branches:
Dungeon (3/15)

Altars:

Shops:
D:1 ?([

Annotations:
D:2 1 runed translucent door, Crazy Yiuf
D:3 3 runed translucent doors, Natasha; juncz's ghost, amateur DjCj


Innate Abilities, Weirdness & Mutations

You are immune to sickness and miasma.
You are immune to poison.
Your flesh is very heat resistant. (rF++)
You are vulnerable to cold. (rC-)
You float through the air rather than walking.
You learn spells naturally, not from books.
Your magical power is your life essence.
You have superior vitality. (+4 MHP)


Message History

Aiming: Magic Dart (safe; 1% risk of failure)
Press: ? - help, Shift-Dir - straight line, f - Natasha
Aim: Natasha (100% to hit)
The magic dart hits Natasha.
Natasha is moderately wounded.
Casting: Magic Dart (safe; 1% risk of failure)
Confirm with . or Enter, or press ? or * to list all spells.
Aiming: Magic Dart (safe; 1% risk of failure)
Press: ? - help, Shift-Dir - straight line, f/p - Natasha
Aim: Natasha (moderately wounded, 100% to hit)
The magic dart hits Natasha but does no damage.
Natasha is moderately wounded.
Casting: Magic Dart (safe; 1% risk of failure)
Confirm with . or Enter, or press ? or * to list all spells.
Aiming: Magic Dart (safe; 1% risk of failure)
Press: ? - help, Shift-Dir - straight line, f/p - Natasha
Aim: Natasha (moderately wounded, haloed, 100% to hit)
The magic dart hits Natasha.
Natasha is heavily wounded.
Casting: Magic Dart (safe; 1% risk of failure)
Confirm with . or Enter, or press ? or * to list all spells.
Aiming: Magic Dart (safe; 1% risk of failure)
Press: ? - help, Shift-Dir - straight line, f/p - Natasha
Aim: Natasha (heavily wounded, haloed, 100% to hit)
The magic dart hits Natasha.
Natasha is heavily wounded.
Natasha casts a spell at you. The magic dart hits you.
* * * LOW HITPOINT WARNING * * *
Casting: Magic Dart (safe; 1% risk of failure)
Confirm with . or Enter, or press ? or * to list all spells.
Aiming: Magic Dart (safe; 1% risk of failure)
Press: ? - help, Shift-Dir - straight line, f/p - Natasha
Aim: Natasha (heavily wounded, haloed, 100% to hit)
The magic dart hits Natasha.
Natasha is almost dead.
* * * LOW HITPOINT WARNING * * *
Natasha stares at you and mumbles some strange words.
The magic dart hits you!
You die...

#####.......#
#>...†..#####.#
##............#
#......#######
#......#
#########.#
.#..... #.#
.......###.#
......h@...#
......?#####
....... ....###
... .#


You could see Natasha.

Vanquished Creatures
  A scorpion (D:3)
  A gnoll (D:1)
  3 adders
  A worm (D:2)
  3 dart slugs
  10 ball pythons
  5 endoplasms
  4 giant cockroaches
  8 goblins
  6 hobgoblins
  3 jackals (D:2)
  2 quokkas
  5 bats
  4 frilled lizards
  2 kobolds (D:2)
  6 rats
64 creatures vanquished.

Vanquished Creatures (others)
  3 fungi (D:3)
  4 plants (D:3)
7 creatures vanquished.

Grand Total: 71 creatures vanquished

Notes
Turn   | Place    | Note
-------+----------+-------------------------------------------
     0 | D:1      | juncz the Djinni Conjurer began the quest for the Orb.
     0 | D:1      | juncz set off with the following spells memorised: Magic
                  | Dart, Searing Ray, Dazzling Flash, Fulminant Prism,
                  | Iskenderun's Mystic Blast.
     0 | D:1      | Reached XP level 1. HP: 15/15 MP: 0/0
   187 | D:1      | Reached skill level 1 in Fighting
   187 | D:1      | Reached XP level 2. HP: 6/22 MP: 0/0
   696 | D:1      | Found Ywarpheeh's Weapon Shop.
   716 | D:1      | Reached XP level 3. HP: 26/27 MP: 0/0
   716 | D:1      | Learned a level 1 spell: Freeze
   871 | D:1      | Found Onixty's Magic Scroll Shop.
   879 | D:1      | Bought a scroll of identify for 20 gold pieces
   879 | D:1      | Bought a scroll of identify for 20 gold pieces
  1092 | D:1      | Found Gonupiuj's Armour Shoppe.
  1702 | D:2      | Reached XP level 4. HP: 32/33 MP: 0/0
  2114 | D:2      | Found a faded altar of an unknown god.
  2263 | D:2      | Found a runed translucent door.
  2264 | D:2      | Noticed Crazy Yiuf
  2446 | D:3      | Noticed juncz's ghost (amateur DjCj)
  2446 | D:3      | Noticed a kobold brigand
  2446 | D:3      | Found a runed translucent gate.
  2446 | D:3      | Found a runed translucent gate.
  2446 | D:3      | Found a runed translucent gate.
  2566 | D:3      | Noticed a scorpion
  2576 | D:3      | Killed a scorpion
  2577 | D:3      | Reached skill level 4 in Spellcasting
  2577 | D:3      | Reached XP level 5. HP: 20/40 MP: 0/0
  2577 | D:3      | Learned a level 2 spell: Scorch
  2815 | D:3      | Noticed Natasha
  2820 | D:3      | Killed from afar by Natasha

Illustrated notes

Levels and vault maps discovered:
D:1:      elethiomel_arrival_shortcut, layout_basic, serial_shops, shop_statue,
          nicolae_shop_statue_plus, nicolae_shop_stone
D:2:      layout_rooms, shapermc_ecumenical_altar_pompeii,
          kennysheep_generic_room_6, uniq_crazy_yiuf_cottage
D:3:      layout_basic, slow_altar_1, gammafunk_ghost_nasty_kobolds,
          gup_sewer_entry_spiral, hangedman_decor_clover_reticule,
          serial_bayou_pond_b, uniq_natasha

Skill      XL: |  1  2  3  4 |
---------------+-------------+-----
Fighting       | 1 2 3 |  3.4
Spellcasting   | 4 |  4.3
Dodging        | |  2.1
Stealth        | |  1.5

Action                   |  1- 3 |  4- 6 || total
-------------------------+-------+-------++-------
Melee: Unarmed           |       |     3 ||     3
 Cast: Magic Dart        |    67 |    79 ||   146
  Use: Scroll            |     3 |       ||     3
Armor: Robe              |       |     3 ||     3
Dodge: Dodged            |     5 |    11 ||    16

Table legend: (Time is in decaauts)
 A = Elapsed time spent in this place.
 B = Non-inter-level travel time spent in this place.
 C = Inter-level travel time spent in this place.
 D = Time resting spent in this place.
 E = Time spent auto-exploring this place.
 F = Levels seen in this place.
 G = Mean time per level.
                   A        B        C        D        E       F      G
               +--------+--------+--------+--------+--------+-----+--------+
         Total |   2819 |   2555 |    264 |    487 |   1773 |   3 |  939.7 |
       Dungeon |   2819 |   2555 |    264 |    487 |   1773 |   3 |  939.7 |
               +--------+--------+--------+--------+--------+-----+--------+

Top non-repeatable levels by time:
     D:1: 1442 daAuts
     D:2: 1003 daAuts
     D:3: 373 daAuts
